 Dungeon Crawl Stone Soup version 0.30.1-11-g7821555f0a (webtiles) character file.

Game seed: 4518535425146769563

5794 RancidPinata the Fighter (level 10, 0/66 HPs)
             Began as a Gargoyle Gladiator on Dec 19, 2023.
             Was an Initiate of Okawaru.
             Slain by a gnoll sergeant
             ... wielding a +5 spear of freezing
              (2 damage)
             ... on level 10 of the Dungeon on Dec 20, 2023.
             The game lasted 00:45:28 (9656 turns).

RancidPinata the Fighter (Gargoyle Gladiator)       Turns: 9656, Time: 00:45:30

Health: 0/66       AC: 19    Str: 19 (20) XL:     10   Next: 79%
Magic:  10/10      EV: 12    Int: 11      God:    Okawaru [......]
Gold:   164        SH:  7    Dex: 14      Spells: 9/9 levels left

rFire   . . .        f - +10 sling of Fatigue {heavy, Will+ Dex+3}
rCold   . . .        b - +0 kite shield
rNeg    + . .        g - +2 steam dragon scales
rPois   ∞            n - +1 hat
rElec   +            H - scarf {+Inv}
rCorr   .            E - +0 pair of gloves
SInv    +            G - +0 pair of boots
Will    +....        (no amulet)
Stlth   +            J - ring of see invisible
HPRegen 0.31/turn    (no ring)
MPRegen 0.12/turn

%: no passive effects
@: no status effects
A: sickness immunity, AC +7, negative energy resistance 1, electricity
resistance, torment resistance 1, petrification resistance
a: Renounce Religion, Evoke Invisibility


You were on level 10 of the Dungeon.
You worshipped Okawaru.
Okawaru was noncommittal.
You visited 2 branches of the dungeon, and saw 11 of its levels.

You collected 475 gold pieces.
You spent 311 gold pieces at shops.

Inventory:

Hand Weapons
 f - the +10 sling of Fatigue (weapon) {heavy, Will+ Dex+3}
   (You found it on level 4 of the Dungeon)

   Dex:       It affects your dexterity (+3).
   Will:      It increases your willpower.
 r - a +7 heavy flail
Missiles
 d - 6 throwing nets
 e - a javelin
 o - 60 stones
 u - 17 poisoned darts
 R - a boomerang
Armour
 b - a +0 kite shield (worn)
 g - +2 steam dragon scales (worn)
 n - a +1 hat (worn)
 E - a +0 pair of gloves (worn)
 G - a +0 pair of boots (worn)
 H - a scarf of invisibility (worn)
Magical Staves
 z - a staff of earth
Jewellery
 h - a ring of wizardry
 j - an amulet of reflection
 J - a ring of see invisible (left hand)
 M - an amulet of faith
 P - a ring of ice
Wands
 k - a wand of digging (4)
 s - a wand of paralysis (5)
 x - a wand of roots (2)
 O - a wand of acid (16)
Scrolls
 a - a scroll of fog {unknown}
 i - 3 scrolls of poison {unknown}
 l - 2 scrolls of teleportation
 m - 2 scrolls of magic mapping
 w - 3 scrolls of blinking {unknown}
 y - a scroll of immolation {unknown}
 C - a scroll of vulnerability {unknown}
 D - 5 scrolls of amnesia
 F - a scroll of silence {unknown}
Potions
 c - a potion of degeneration
 p - a potion of might {unknown}
 q - a potion of flight
 v - 3 potions of cancellation
 A - a potion of heal wounds
 B - 2 potions of lignification
 I - a potion of mutation {unknown}
 K - a potion of magic {unknown}
 N - a potion of haste {unknown}
 Q - 2 potions of invisibility {unknown}


   Skills:
 * Level 9.1 Fighting
 * Level 8.7 Maces & Flails
 + Level 5.0 Ranged Weapons
 + Level 5.3 Throwing
 + Level 5.9 Armour
 + Level 5.2 Dodging


You had 9 spell levels left.
You didn't know any spells.
Your spell library contained the following spells:

 Spells                   Type           Power      Damage    Failure   Level
 Static Discharge         Conj/Air       0%         2-2/arc   83%         2
 Airstrike                Air            0%         2d(0-16)  100%        4
 Summon Lightning Spire   Summ/Air       Unusable   N/A       N/A         4

Dungeon Overview and Level Annotations

Branches:
Dungeon (10/15)            Temple (1/1) D:7             Orc (0/2) D:9
   Lair: D:8-11

Altars:
Ashenzari
Cheibriados
Dithmenos
Elyvilon
Fedhas
Gozag
Hepliaklqana
Kikubaaqudgha
Makhleb
Nemelex Xobeh
Okawaru
Qazlal
Ru
Sif Muna
Trog
Uskayaw
Vehumet
Wu Jian
Xom
Yredelemnul
Zin
The Shining One

Shops:
D:3 [   D:7 ?((

Annotations:
D:5 2 runed translucent doors, Barill's ghost, novice DsWn


Innate Abilities, Weirdness & Mutations

You are immune to sickness and miasma.
Your stone body is resilient. (AC +7)
You are immune to poison.
You resist negative energy. (rN+)
You are resistant to electric shocks. (rElec)
You are resistant to unholy torment.
You are immune to petrification.


Message History

Psyche moves out of view.
Fire: f) +10 sling of Fatigue {heavy, Will+ Dex+3}
Press: ? - help, Q - select action, (/) - cycle Shift-Dir - straight line, f/p - gnoll sergeant
Aim: a gnoll sergeant, wielding a +5 spear of freezing and wearing a +0 ring mail (heavily wounded, 77% to hit)
You shoot a sling bullet. The orc wizard shouts!
The sling bullet hits the gnoll sergeant!
The gnoll sergeant is almost dead.
Fire: f) +10 sling of Fatigue {heavy, Will+ Dex+3}
Press: ? - help, Q - select action, (/) - cycle Shift-Dir - straight line, f - Psyche, p - gnoll sergeant
Aim: Psyche, wielding a +0 dagger of distortion and wearing a +0 robe (67% to hit)
You shoot a sling bullet. The sling bullet hits Psyche.
Psyche is lightly wounded.
Psyche closely misses you. The gnoll sergeant barely misses you.
You block Psyche's attack.
An unseen horror comes into view.
You shoot a sling bullet. The sling bullet hits Psyche!!
Psyche is heavily wounded.
Psyche hits you but does no damage. Space warps around you.
The gnoll sergeant hits you but does no damage.
Psyche hits you with a +0 dagger of distortion.
Space warps around you.
The gnoll sergeant hits you but does no damage.
You shoot a sling bullet. The sling bullet hits Psyche!
Psyche is almost dead.
You hear a shout!
Psyche hits you but does no damage. Space warps horribly around you!!
You block the gnoll sergeant's attack. Psyche hits you but does no damage.
The gnoll sergeant hits you from afar with a +5 spear of freezing.
The gnoll sergeant freezes you. Psyche hits you but does no damage.
Space warps horribly around you!
* * * LOW HITPOINT WARNING * * *
Unknown command.
You shoot a sling bullet. The sling bullet hits Psyche!!
You kill Psyche!
Okawaru accepts your kill.
The gnoll sergeant hits you from afar with a +5 spear of freezing!
* * * LOW HITPOINT WARNING * * *
The gnoll sergeant freezes you.
You die...

##+######
#...#.♣@♣
♣...♣♣.♣)♣
+>8<'.♣.♣go
♣...♣♣.♣.♣♣x~
#...# ♣.♣.#
... ##+##
#### .♣ .


You could see an unseen horror (invisible), an orc warrior and a gnoll sergeant.

Vanquished Creatures
  2 two-headed ogres
  An ugly thing (D:7)
  Psyche (D:10)
  A troll (D:9)
  2 hornets
  3 steam dragons
  3 water moccasins
  Edmund (D:6)
  3 sky beasts
  An orc warrior (D:9)
  2 ice beasts
  2 centaurs
  A phantom (D:5)
  Blork the orc (D:5)
  6 bullfrogs
  A gnoll sergeant (D:7)
  4 scorpions (D:5)
  3 killer bees (D:9)
  5 hounds
  4 jellies
  A gnoll bouda (D:7)
  3 orc priests
  3 iguanas
  4 sleepcaps
  10 orc wizards
  15 gnolls
  7 adders
  2 shadow imps
  3 white imps
  4 dart slugs
  29 orcs
  6 bats
  7 endoplasms
  3 giant cockroaches
  10 goblins
  7 hobgoblins
  4 quokkas
  8 ball pythons
  2 frilled lizards
  4 kobolds
  4 rats
183 creatures vanquished.

Notes
Turn   | Place    | Note
-------+----------+-------------------------------------------
     0 | D:1      | RancidPinata the Gargoyle Gladiator began the quest for the
                  | Orb.
     0 | D:1      | Reached XP level 1. HP: 12/12 MP: 1/1
    76 | D:1      | Reached XP level 2. HP: 12/18 MP: 2/2
   199 | D:1      | Found a faded altar of an unknown god.
   320 | D:1      | Reached XP level 3. HP: 22/22 MP: 3/3
   735 | D:1      | Reached skill level 3 in Fighting
  1177 | D:2      | You fall into a shaft and drop 1 floor!
  1289 | D:3      | Reached skill level 1 in Armour
  1289 | D:3      | Reached XP level 4. HP: 28/28 MP: 4/4
  1336 | D:3      | Found Zura's Antique Armour Shop.
  1411 | D:3      | Found an opulent altar of Gozag.
  2239 | D:3      | Found a snail-covered altar of Cheibriados.
  2345 | D:4      | Reached XP level 5. HP: 21/33 MP: 5/5
  2434 | D:4      | Identified the +10 sling of Fatigue {heavy, Will+ Dex+3}
  2798 | D:4      | Reached skill level 4 in Fighting
  3061 | D:5      | Entered Level 5 of the Dungeon
  3065 | D:5      | Reached skill level 1 in Ranged Weapons
  3065 | D:5      | Reached XP level 6. HP: 38/38 MP: 6/6
  3076 | D:5      | Found a shadowy altar of Dithmenos.
  3217 | D:5      | Noticed an ice beast
  3220 | D:5      | Killed an ice beast
  3221 | D:5      | Reached XP level 7. HP: 38/44 MP: 7/7
  3362 | D:5      | Reached skill level 5 in Maces & Flails
  3462 | D:5      | Reached skill level 5 in Fighting
  3744 | D:5      | Found a large runed translucent door.
  3746 | D:5      | Found a large runed translucent door.
  3749 | D:5      | Noticed Barill's ghost (novice DsWn)
  4004 | D:5      | Reached XP level 8. HP: 48/49 MP: 8/8
  4084 | D:5      | Noticed Blork the orc
  4088 | D:5      | Killed Blork the orc
  4447 | D:3      | Bought a brightly glowing scale mail for 207 gold pieces
  4447 | D:3      | Identified the +4 scale mail "Qydghengu" {rC++ rCorr Str-5}
                  | (You bought it in a shop on level 3 of the Dungeon)
  4893 | D:6      | Reached skill level 6 in Fighting
  5308 | D:6      | Noticed Edmund
  5313 | D:6      | Killed Edmund
  5314 | D:6      | Reached XP level 9. HP: 37/56 MP: 9/9
  5890 | D:7      | Noticed a two-headed ogre
  6092 | D:7      | Found a white marble altar of Elyvilon.
  6123 | D:7      | Found Ebluss's Magic Scroll Boutique.
  6148 | D:7      | Found Ucocweom's Weapon Shoppe.
  6148 | D:7      | Noticed a cyan ugly thing
  6159 | D:7      | Reached skill level 7 in Fighting
  6325 | D:7      | Bought a scroll of identify for 26 gold pieces
  6325 | D:7      | Bought a scroll of identify for 26 gold pieces
  6325 | D:7      | Bought a scroll of identify for 26 gold pieces
  6325 | D:7      | Bought a scroll of identify for 26 gold pieces
  6558 | D:7      | Found a staircase to the Ecumenical Temple.
  6567 | Temple   | Entered the Ecumenical Temple
  6866 | D:7      | Found Faoj's Weapon Boutique.
  6880 | D:7      | Killed a cyan ugly thing
  7386 | D:8      | Noticed a two-headed ogre
  7397 | D:8      | Killed a two-headed ogre
  7398 | D:8      | Reached skill level 8 in Fighting
  7398 | D:8      | Reached skill level 5 in Armour
  7398 | D:8      | Reached XP level 10. HP: 48/64 MP: 10/10
  8442 | D:9      | Reached skill level 5 in Throwing
  8519 | D:9      | Found a staircase to the Orcish Mines.
  8546 | D:9      | Reached skill level 5 in Dodging
  8677 | D:9      | Noticed a two-headed ogre
  8685 | D:9      | Killed a two-headed ogre
  8686 | D:9      | HP: 3/65 [centaur/arrow (8)]
  9003 | D:9      | Found an iron altar of Okawaru.
  9012 | D:9      | Became a worshipper of Warmaster Okawaru
  9162 | D:9      | Reached skill level 9 in Fighting
  9162 | D:9      | Reached skill level 5 in Ranged Weapons
  9285 | D:9      | Found a glowing golden altar of the Shining One.
  9288 | D:9      | Found a shimmering altar of Xom.
  9291 | D:9      | Found an ancient bone altar of Kikubaaqudgha.
  9294 | D:9      | Found a sparkling altar of Nemelex Xobeh.
  9645 | D:10     | Entered Level 10 of the Dungeon
  9651 | D:10     | Noticed Psyche
  9653 | D:10     | Noticed an unseen horror
  9656 | D:10     | Killed Psyche
  9656 | D:10     | HP: 2/66 [gnoll sergeant/+5 spear of freezing (7)]
  9656 | D:10     | Slain by a gnoll sergeant

Illustrated notes

Levels and vault maps discovered:
D:1:      amcnicky_arrival_abandoned_market, layout_rooms,
          shapermc_ecumenical_altar_venn, chequers_serial_rivers_micro_d
D:2:      layout_rooms, grunt_ministairs_9
D:3:      layout_loops_ring, lemuel_crystal_altar, general_overflow_altar,
          serial_shops, nicolae_shop_waterfront, serial_co_window_serial,
          co_window_corner_a, co_window_corner_a, co_window_corner_a,
          co_window_paths_a, co_window_of_opportunity_a, co_window_broadway_b,
          co_window_cross_2, co_window_unsneaky_path_b, co_window_2corner,
          co_window_paths_d, co_window_paths_e, glass_columns_b,
          glass_columns_c, glass_columns_a, kennysheep_generic_room_11
D:4:      layout_gridville
D:5:      layout_layer_cave, grunt_dithmenos_shadows,
          ebering_ghost_disaster_area, uniq_blork_the_orc
D:6:      layout_loops_ring, uniq_edmund
D:7:      layout_basic, amcnicky_altar_gilded, temple_hall, serial_shops,
          nicolae_shop_bloodbath_and_beyond, shop, nicolae_square_shop
D:8:      layout_cave_pools
D:9:      layout_basic, okawaru_metal_pillars_3,
          grunt_temple_overflow_cloverleaf, orc_0_dummy
D:10:     nzn_winding_woodlands_stair_cross [nzn_winding_woodlands_5x15_pool,
          nzn_winding_woodlands_center_garden,
          nzn_winding_woodlands_5x15_longhouse,
          nzn_winding_woodlands_5x5_checkerboard,
          nzn_winding_woodlands_5x5_cross, nzn_winding_woodlands_5x15_cabin,
          nzn_winding_woodlands_center_pierced_h,
          nzn_winding_woodlands_5x15_pockets], layout_basic,
          nicolae_eternal_life, uniq_psyche, uniq_josephine
Temple:   nicolae_temple_figure_eight

Skill      XL: |  1  2  3  4  5  6  7  8  9 10 |
---------------+-------------------------------+-----
Throwing       | 2 3 4 5 |  5.3
Fighting       | 3 4 5 6 8 9 |  9.1
Armour         | 1 2 3 4 5 |  5.9
Maces & Flails | 4 5 6 7 8 |  8.7
Dodging        | 3 4 5 |  5.2
Ranged Weapons | 1 2 3 4 5 |  5.0

Action                     |  1- 3 |  4- 6 |  7- 9 | 10-12 || total
---------------------------+-------+-------+-------+-------++-------
  Melee: Flail             |   134 |    65 |       |       ||   199
         Eveningstar       |       |     6 |       |       ||     6
   Fire: Sling             |       |    31 |   184 |   112 ||   327
  Throw: Stone             |       |     3 |       |       ||     3
    Use: Scroll            |       |       |    13 |       ||    13
         Potion            |       |       |       |     9 ||     9
 Armour: Leather armour    |    10 |       |       |       ||    10
         Ring mail         |    61 |    63 |    33 |       ||   157
         Steam dragon scal |       |       |    38 |    90 ||   128
  Dodge: Dodged            |    60 |    38 |    64 |    85 ||   247
  Block: Kite shield       |    40 |    36 |    49 |    48 ||   173
